 Dungeon Crawl Stone Soup version 0.16-a0-3518-gebcadde (webtiles) character file.

80820 Minkie the Nimble (level 15, 0/115 HPs)
             Began as a Vampire Enchanter on Jan 6, 2015.
             Was a High Priest of Sif Muna.
             Slain by a fire elemental (16 damage)
             ... led by Azrael
             ... on level 2 of the Snake Pit.
             The game lasted 02:54:26 (34522 turns).

Minkie the Nimble (Vampire Enchanter)              Turns: 34522, Time: 02:54:26

Health: 0/115      AC:  8    Str:  7    XL:     15   Next: 24%
Magic:  25/34      EV: 21    Int: 22    God:    Sif Muna [*****.]
Gold:   1541       SH:  6    Dex: 17    Spells: 3 memorised, 25 levels left

rFire  x . .     SeeInvis +     w - +6 short sword of Preppot {freeze, rC++}
rCold  + + +     Clarity  .     s - +3 leather armour "Foarch Iqiff" {rC+ Slay+4} (curse)
rNeg   + + .     SustAb   .     E - +0 buckler
rPois  +         Gourm    .     (no helmet)
rElec  .         Spirit   .     o - +0 cloak {+Inv}
rCorr  .         Warding  .     A - +0 pair of gloves {Dex+3}
rMut   +         Stasis   .     (no boots)
MR     +....                    D - amulet of resist mutation
Stlth  ++++++....               N - ring of stealth
                                i - ring of ice

@: regenerating slowly, somewhat resistant to hostile enchantments, very
stealthy
A: bottle blood, fangs 3, see invisible, unbreathing
a: Bat Form, Channel Energy, Forget Spell, Renounce Religion, Evoke Invisibility


You were on level 2 of the Snake Pit.
You worshipped Sif Muna.
Sif Muna was extremely pleased with you.
You were thirsty.

You visited 6 branches of the dungeon, and saw 29 of its levels.

You collected 2533 gold pieces.
You spent 992 gold pieces at shops.

Inventory:

Hand weapons
 a - a +3 dagger of venom
 w - the +6 short sword of Preppot (weapon) {freeze, rC++}
   (You took it off a goblin on level 9 of the Dungeon)

   It has been specially enchanted to freeze those struck by it, causing extra
   injury to most foes and up to half again as much damage against particularly
   susceptible opponents.
   It can also slow down cold-blooded creatures.
   It greatly protects you from cold.
Missiles
 c - 7 curare-tipped needles
 l - 9 javelins (quivered)
Armour
 o - a +0 cloak of invisibility (worn)
 s - the cursed +3 leather armour "Foarch Iqiff" (worn) {rC+ Slay+4}
   (You bought it in a shop on level 4 of the Orcish Mines)

   It affects your accuracy and damage with ranged weapons and melee attacks
   (+4).
   It protects you from cold.
   It has a curse placed upon it.
 A - a +0 pair of gloves of dexterity (worn)
 E - a +0 buckler (worn)
Jewellery
 i - a ring of ice (left hand)
 D - an amulet of resist mutation (around neck)
 N - a ring of stealth (right hand)
Magical devices
 F - a wand of disintegration (15)
Scrolls
 b - 2 scrolls of fear
 e - 3 scrolls of identify
 f - 4 scrolls of remove curse
 j - 5 scrolls of enchant armour
 n - a scroll of enchant weapon
 q - 6 scrolls of teleportation
 x - a scroll of magic mapping
 H - 3 scrolls of fog
Potions
 d - 6 potions of blood
 g - 12 potions of curing
 h - 2 potions of restore abilities
 k - 3 potions of haste
 m - 5 potions of cure mutation
 p - 13 potions of brilliance
 t - 2 potions of cancellation
 C - a potion of might
 G - 2 potions of heal wounds
 J - 2 potions of invisibility
 K - a potion of agility


   Skills:
 - Level 10.0 Fighting
 - Level 10.0 Short Blades
 + Level 4.0 Armour
 - Level 13.5 Dodging
 - Level 10.0 Stealth
 - Level 5.1 Shields
 - Level 11.4 Spellcasting
 - Level 11.5 Hexes
 - Level 10.0 Ice Magic
 + Level 4.8 Evocations


You had 25 spell levels left.
You knew the following spells:

 Your Spells              Type           Power        Failure   Level  Hunger
a - Mass Confusion        Hex            ######....   10%         6    #####..
b - Ensorcelled Hibernat  Hex/Ice        ######       1%          2    None
c - Confuse               Hex            ######..     1%          3    None


Dungeon Overview and Level Annotations

Branches:
Dungeon (14/15)            Temple (1/1) D:6            Lair (7/8) D:8
 Shoals (1/5) Lair:5        Snake (2/5) Lair:5          Orc (4/4) D:9
    Elf (0/3) Orc:4        Vaults (0/5) D:13
  Slime: Lair:6-8

Altars:
Ashenzari
Cheibriados
Dithmenos
Elyvilon
Fedhas
Gozag
Kikubaaqudgha
Makhleb
Nemelex Xobeh
Okawaru
Qazlal
Ru
Sif Muna
Trog
Vehumet
Xom
Yredelemnul
Zin
The Shining One
Beogh

Shops:
D:6 [   D:14 !   Orc:4 %[:?


Innate Abilities, Weirdness & Mutations

You heal slowly.
You can bottle blood from corpses.
You have razor-sharp teeth.
You have supernaturally acute eyesight.
You can survive without breathing.


Message History

The fire elemental hits you. The fire elemental burns you!
The fire burns you terribly!
* * * LOW HITPOINT WARNING * * *
Casting: Ensorcelled Hibernation
Confirm with . or Enter, or press ? or * to list all spells.
Aiming: Confuse
Press: ? - help, Shift-Dir - straight line, f - fire elemental
Aim: a fire elemental (magic immune)
The fire elemental is unaffected.
The fire elemental misses you. The fire elemental misses you.
The fire elemental closely misses you. The fire elemental misses you.
Casting: Confuse
Confirm with . or Enter, or press ? or * to list all spells.
Aiming: Confuse
Press: ? - help, Shift-Dir - straight line, f/p - fire elemental
Aim: a fire elemental (magic immune)
The fire elemental is unaffected.
The fire elemental misses you. The fire elemental hits you.
The fire elemental burns you! The fire burns you terribly!
You die...

.....#...............# #####
.............(...........###.>.#
.....................#####......
....................## ##....8..
.......#...........#####...#####
........#.............##...## #
......................#...#######
....................###...###...#
................@...'............
.....###.......EEE..#8.....8..<..
.....##......§.h...+............
......#.......)E.%.###...###...#
........††....§§§....#...# #####
..........(......§...##...#
.................§... ##... #
.................§.. #.. 8..
................§.§ .....


You could see 4 fire elementals and a hell hound.

Vanquished Creatures
  Gastronok (Lair:1)
  Azrael (Snake:2)
  4 vault guards
  Fannar (D:11)
  7 hydras
  2 naga warriors (Snake:1)
  Nessos (Orc:3)
  The ghost of Minkie the Basher, an experienced MiFi of Okawaru (D:9)
  A centaur warrior (D:14)
  2 anacondas (Snake:1)
  A tengu warrior (D:13)
  Urug (D:11)
  Nergalle (D:12)
  A deep elf knight (Orc:4)
  9 orc knights
  A wizard (D:13)
  A manticore (D:13)
  An orc sorcerer (Orc:2)
  9 ugly things
  A salamander (Snake:1)
  4 elephants (Lair:7)
  A mana viper (Snake:1)
  9 black mambas
  3 cyclopes
  Maurice (D:9)
  Joseph (Lair:1)
  11 spiny frogs
  A torpor snail (Lair:5)
  3 naga magi
  A gargoyle (D:12)
  6 komodo dragons
  3 fire drakes
  An efreet (D:14)
  A troll (Orc:3)
  A queen bee (D:11)
  A tengu conjurer (D:13)
  Sonja (D:11)
  8 blink frogs
  A slime creature (D:13)
  2 two-headed ogres
  3 ravens (D:13)
  4 basilisks
  A spriggan (shapeshifter) (D:12)
  A hog (D:10)
  3 deep elf magi
  A shadow (D:11)
  2 wyverns
  A vampire (D:13)
  54 yaks
  A human (D:10)
  14 nagas
  A hungry ghost (D:11)
  11 wargs
  2 steam dragons (D:10)
  A mottled dragon (D:14)
  10 hippogriffs
  6 vampire mosquitoes (D:14)
  17 wolves
  A hell hound (Snake:2)
  21 porcupines
  16 water moccasins
  41 orc warriors
  A wasp (D:9)
  14 ogres
  2 ice beasts
  15 centaurs
  A sky beast (D:14)
  10 crocodiles
  Sigmund (D:2)
  2 boring beetles
  A big kobold (D:8)
  18 giant frogs
  A water moccasin skeleton (D:5)
  2 wyvern skeletons
  4 scorpions
  6 wights
  28 killer bees
  2 electric eels
  7 crimson imps
  4 jellies
  3 centaur zombies
  A giant frog zombie (D:13)
  A goliath beetle (D:8)
  9 hounds
  21 orc priests
  6 centaur skeletons
  3 gnoll shamans (D:8)
  9 iguanas
  2 giant frog skeletons
  30 orc wizards
  6 worker ants
  8 sheep
  A hound zombie (D:8)
  Terence (D:3)
  A hound skeleton (D:10)
  A worker ant zombie (D:8)
  26 adders
  19 gnolls
  116 river rats
  7 shadow imps
  3 worms
  2 adder skeletons (D:4)
  4 giant geckos
  206 orcs
  15 bats
  10 giant cockroaches
  26 goblins
  20 hobgoblins
  5 jackals
  7 quokkas
  2 ball pythons
  A ball python skeleton (D:4)
  A giant gecko zombie (D:8)
  2 giant newts
  3 giant spores
  12 kobolds
  A quokka skeleton (D:9)
  19 rats
  22 ballistomycetes
  A fungus (D:8)
  A plant (D:8)
1072 creatures vanquished.

Vanquished Creatures (others)
  A yak (D:11)
  An orc wizard (D:5)
  2 orcs (D:13)
  A quokka (D:12)
  3 giant spores
  13 fungi
  2 plants
23 creatures vanquished.

Grand Total: 1095 creatures vanquished

Notes
Turn   | Place    | Note
--------------------------------------------------------------
     0 | D:1      | Minkie, the Vampire Enchanter, began the quest for the Orb.
     0 | D:1      | Reached XP level 1. HP: 13/13 MP: 3/3
   513 | D:1      | Reached XP level 2. HP: 14/19 MP: 4/4
   530 | D:1      | Learned a level 2 spell: Ensorcelled Hibernation
  1055 | D:2      | Noticed Sigmund
  1066 | D:2      | Found a sparkling altar of Nemelex Xobeh.
  1723 | D:2      | Reached XP level 3. HP: 24/24 MP: 3/6
  1728 | D:2      | Learned a level 3 spell: Confuse
  1792 | D:2      | Reached skill level 5 in Stealth
  1954 | D:2      | Killed Sigmund
  1954 | D:2      | Reached skill level 5 in Hexes
  1954 | D:2      | Reached skill level 1 in Ice Magic
  1954 | D:2      | Reached XP level 4. HP: 30/30 MP: 1/7
  2291 | D:2      | Reached XP level 5. HP: 25/35 MP: 0/9
  3403 | D:3      | Noticed Terence
  3411 | D:3      | Killed Terence
  3881 | D:3      | Reached skill level 6 in Stealth
  4192 | D:4      | Reached XP level 6. HP: 41/41 MP: 3/10
  4863 | D:4      | Found an opulent altar of Gozag.
  5147 | D:5      | Entered Level 5 of the Dungeon
  5379 | D:5      | Noticed a water moccasin
  5393 | D:5      | Killed a water moccasin
  5393 | D:5      | Reached skill level 5 in Short Blades
  5429 | D:5      | Reached skill level 7 in Stealth
  5429 | D:5      | Reached XP level 7. HP: 46/46 MP: 7/12
  6151 | D:6      | Reached XP level 8. HP: 39/52 MP: 1/13
  6269 | D:6      | Reached skill level 8 in Stealth
  6279 | D:6      | Found Baad Ika's Antique Armour Boutique.
  6282 | D:6      | Bought a pair of embroidered gloves for 108 gold pieces
  6405 | D:6      | HP: 1/52 [orc wizard/dagger (4)]
  6930 | D:6      | Found a staircase to the Ecumenical Temple.
  6944 | Temple   | Entered the Ecumenical Temple
  7054 | D:6      | Found a stormy altar of Qazlal.
  7393 | D:7      | Reached skill level 9 in Stealth
  7597 | D:7      | Found a shimmering altar of Xom.
  7598 | D:7      | Found a burning altar of Makhleb.
  7998 | D:7      | Reached XP level 9. HP: 57/57 MP: 14/14
  8379 | D:8      | Reached skill level 5 in Ice Magic
  8447 | D:8      | Found a staircase to the Lair.
  8660 | D:8      | Reached skill level 10 in Stealth
  9854 | D:8      | Reached skill level 10 in Hexes
  9864 | D:8      | Reached XP level 10. HP: 63/63 MP: 8/16
 10430 | D:8      | Reached skill level 10 in Short Blades
 10790 | D:8      | HP: 1/64 [orc warrior/hand axe (16)]
 10792 | D:8      | Reached skill level 1 in Fighting
 11093 | D:9      | Reached skill level 5 in Dodging
 11098 | D:9      | Got a fine short sword
 11191 | D:9      | Identified the +6 short sword of Preppot {freeze, rC++} (You took it off a goblin on level 9 of the Dungeon)
 11198 | D:9      | Found a staircase to the Orcish Mines.
 11462 | D:9      | Found an ancient bone altar of Kikubaaqudgha.
 11463 | D:9      | Found a bloodstained altar of Trog.
 11465 | D:9      | Found a basalt altar of Yredelemnul.
 11466 | D:9      | Found a deep blue altar of Sif Muna.
 11466 | D:9      | Found a glowing golden altar of the Shining One.
 11466 | D:9      | Noticed Minkie's ghost (experienced MiFi)
 11469 | D:9      | Found a glowing silver altar of Zin.
 11496 | D:9      | Killed Minkie's ghost
 11507 | D:9      | Became a worshipper of Sif Muna the Loreminder
 11539 | D:9      | Noticed Maurice
 11545 | D:9      | Killed Maurice
 12386 | Lair:1   | Entered Level 1 of the Lair of Beasts
 12386 | Lair:1   | Noticed Joseph
 12477 | D:8      | Reached XP level 11. HP: 41/77 MP: 17/20
 12481 | D:8      | Acquired Sif Muna's first power
 12838 | Lair:1   | Killed Joseph
 13819 | Lair:1   | Noticed a five-headed hydra
 13820 | Lair:1   | Found an ancient bone altar of Kikubaaqudgha.
 13843 | Lair:1   | Killed a five-headed hydra
 14053 | Lair:1   | Reached skill level 5 in Fighting
 14226 | Lair:1   | Noticed Gastronok
 14248 | Lair:1   | Killed Gastronok
 14248 | Lair:1   | Acquired Sif Muna's second power
 14248 | Lair:1   | Reached skill level 5 in Spellcasting
 15049 | Lair:1   | Noticed an eight-headed hydra
 15060 | Lair:1   | Killed an eight-headed hydra
 15060 | Lair:1   | Reached XP level 12. HP: 88/88 MP: 22/25
 15129 | D:10     | Entered Level 10 of the Dungeon
 15391 | D:10     | Found a flagged portal.
 16096 | D:11     | Noticed Fannar
 16603 | D:11     | Reached skill level 10 in Ice Magic
 16674 | D:11     | Killed Fannar
 16881 | D:11     | Noticed Urug
 16917 | D:11     | Killed Urug
 16929 | D:11     | Reached skill level 10 in Dodging
 16956 | D:11     | Noticed Sonja
 16964 | D:11     | Killed Sonja
 17695 | D:12     | Found a white marble altar of Elyvilon.
 17879 | D:12     | Noticed Nergalle
 17885 | D:12     | Killed Nergalle
 18097 | D:13     | Found a gate to the Vaults.
 18097 | D:13     | Noticed a vault guard
 18097 | D:13     | Noticed a vault guard
 18097 | D:13     | Noticed a vault guard
 18097 | D:13     | Noticed a vault guard
 18118 | D:12     | Killed a vault guard
 18594 | D:13     | Killed a vault guard
 18604 | D:13     | Reached XP level 13. HP: 96/98 MP: 18/29
 18662 | D:13     | Killed a vault guard
 18662 | D:13     | Reached skill level 11 in Dodging
 18769 | D:13     | Killed a vault guard
 18927 | D:13     | Reached skill level 1 in Shields
 19665 | D:14     | Acquired Sif Muna's third power
 20104 | D:14     | Found Blar's Distillery.
 20124 | D:14     | Bought a potion of mutation for 40 gold pieces
 22010 | Lair:2   | Reached skill level 5 in Shields
 23942 | Lair:4   | Reached XP level 14. HP: 109/109 MP: 30/31
 24476 | Lair:4   | Reached skill level 10 in Fighting
 24965 | Lair:4   | Reached skill level 12 in Dodging
 24965 | Lair:4   | Reached skill level 10 in Spellcasting
 25394 | Lair:5   | Found a staircase to the Shoals.
 25472 | Lair:5   | Found a staircase to the Snake Pit.
 25565 | Shoals:1 | Entered Level 1 of the Shoals
 25613 | Snake:1  | Entered Level 1 of the Snake Pit
 26125 | Lair:6   | Found a radiant altar of Vehumet.
 26865 | Lair:7   | Learned a level 6 spell: Mass Confusion
 26955 | Lair:7   | Got a polished scale mail
 26966 | Lair:7   | Identified the cursed +0 scale mail of the Nine Suns {rPois} (You found it on level 7 of the Lair of Beasts)
 27381 | Lair:7   | Reached skill level 13 in Dodging
 28534 | Orc:1    | Entered Level 1 of the Orcish Mines
 29747 | Orc:2    | Paralysed by an orc sorcerer for 6 turns
 30056 | Orc:3    | Found a roughly hewn altar of Beogh.
 30377 | Orc:3    | Noticed Nessos
 30388 | Orc:3    | Killed Nessos
 31101 | Orc:4    | Entered Level 4 of the Orcish Mines
 31200 | Orc:4    | Found a staircase to the Elven Halls.
 31441 | Orc:4    | Found Semasiw's Armour Boutique.
 31711 | Orc:4    | Bought a +0 cloak of invisibility for 172 gold pieces
 31711 | Orc:4    | Bought the cursed +3 leather armour "Foarch Iqiff" {rC+ Slay+4} for 672 gold pieces
 31738 | Orc:4    | Found Ycurut's Food Shoppe.
 31850 | Orc:4    | Reached skill level 1 in Armour
 31871 | Orc:4    | Reached skill level 1 in Evocations
 32022 | Orc:4    | Found a roughly hewn altar of Beogh.
 32289 | Orc:4    | Found Smigaana's Book Shoppe.
 32322 | Orc:4    | Found Cuful's Magic Scroll Boutique.
 32331 | Orc:4    | Reached XP level 15. HP: 115/115 MP: 22/34
 34511 | Snake:2  | Noticed Azrael
 34518 | Snake:2  | Killed Azrael
 34522 | Snake:2  | Slain by a fire elemental

Action                   |  1- 3 |  4- 6 |  7- 9 | 10-12 | 13-15 || total
-------------------------+-------+-------+-------+-------+-------++-------
Melee: Dagger            |    53 |   110 |   308 |   630 |   594 ||  1695
       Long sword        |       |       |     5 |       |       ||     5
       Short sword       |       |       |       |     3 |   368 ||   371
Throw: Tomahawk          |       |       |       |     4 |       ||     4
       Javelin           |       |       |       |     1 |     1 ||     2
 Cast: Ensorcelled Hiber |     7 |    67 |   102 |   249 |   572 ||   997
       Confuse           |     2 |     3 |    25 |    36 |    57 ||   123
       Corona            |       |       |     2 |       |       ||     2
       Mass Confusion    |       |       |       |       |     1 ||     1
Invok: Channel Energy    |       |       |       |    13 |    15 ||    28
 Abil: End Transformatio |       |       |     2 |     1 |     1 ||     4
       Bat Form          |       |       |     2 |     1 |     1 ||     4
       Evoke Invisibilit |       |       |       |       |     1 ||     1
  Use: Scroll            |       |     7 |     1 |    20 |     8 ||    36
       Potion            |       |       |     4 |     5 |     3 ||    12
 Stab: Sleeping          |    12 |    62 |    85 |   193 |   462 ||   814
       Confused          |     2 |       |    14 |    31 |    34 ||    81
       Distracted        |       |       |       |     5 |     1 ||     6
  Eat: Corpse            |       |       |     1 |       |     2 ||     3
